 Dungeon Crawl Stone Soup version 0.29.0 (webtiles) character file.

Game seed: 8654420666445111885

115 gelatine the Magician (level 4, -2/24 HPs)
             Began as a Deep Elf Transmuter on Aug 24, 2022.
             Was a Believer of Kikubaaqudgha.
             Slain by a scorpion (5 damage)
             ... on level 4 of the Dungeon.
             The game lasted 00:07:47 (3317 turns).

gelatine the Magician (Deep Elf Transmuter)         Turns: 3317, Time: 00:07:47

Health: -2/24      AC:  2    Str:  7    XL:     4   Next: 68%
Magic:  8/12       EV: 12    Int: 20    God:    Kikubaaqudgha [**....]
Gold:   226        SH:  0    Dex: 15    Spells: 7/11 levels left

rFire   . . .      SeeInvis .   u - +2 dagger (vamp)
rCold   . . .      Faith    .   (no shield)
rNeg    . . .      Spirit   .   a - +0 robe
rPois   .          Reflect  .   (helmet currently unavailable)
rElec   .          Harm     .   (no cloak)
rCorr   .          Rampage  .   (no gloves)
Will    +....                   (boots currently unavailable)
Stlth   ++........              (no amulet)
HPRegen 0.08/turn               j - ring of willpower
MPRegen 0.13/turn               (no ring)

@: appendages (expiring)
A: horns 2, talons 2
a: End Transformation, Renounce Religion, Unearth Wretches


You were on level 4 of the Dungeon.
You worshipped Kikubaaqudgha.
Kikubaaqudgha was pleased with you.
You had temporarily grown beastly horns and talons.
You visited 1 branch of the dungeon, and saw 4 of its levels.

You collected 226 gold pieces.

Inventory:

Hand Weapons
 c - a +0 dagger
 u - a +2 vampiric dagger (weapon)
 x - a +0 whip of venom
 y - a +4 short sword
Missiles
 e - 5 poisoned darts
 m - 3 boomerangs
 r - 5 atropa-tipped darts
Armour
 a - a +0 robe (worn)
Magical Staves
 p - a staff of conjuration
Jewellery
 j - a ring of willpower (left hand)
Wands
 w - a wand of flame (17)
Scrolls
 d - 2 scrolls of enchant armour {unknown}
 f - 3 scrolls of identify {unknown}
 g - a scroll of magic mapping {unknown}
 h - a scroll of noise {unknown}
 k - 2 scrolls of enchant weapon {unknown}
 l - 2 scrolls of teleportation {unknown}
 o - a scroll of immolation {unknown}
 q - a scroll of acquirement {unknown}
 s - a scroll of fear {unknown}
Potions
 b - 2 potions of lignification
 i - a potion of cancellation {unknown}
 n - 2 potions of heal wounds {unknown}
 t - a potion of degeneration {unknown}
 v - a potion of haste {unknown}
 z - a potion of curing {unknown}


   Skills:
 * Level 0.9 Fighting
 + Level 0.4 Short Blades
 + Level 2.6 Dodging
 + Level 0.6 Stealth
 + Level 3.0 Unarmed Combat
 + Level 4.0 Spellcasting
 * Level 0.4 Conjurations
 + Level 2.5 Necromancy
 + Level 2.5 Transmutations
 * Level 1.3 Evocations


You had 7 spell levels left.
You knew the following spells:

 Your Spells              Type           Power      Damage    Failure   Level
a - Beastly Appendage     Tmut           28%        N/A       4%          1
b - Wereblood             Tmut           14%        N/A       7%          2
c - Necrotise             Necr           56%        1d6       4%          1

Your spell library contained the following spells:

 Spells                   Type           Power      Damage    Failure   Level
 Sublimation of Blood     Necr           14%        N/A       7%          2
 Vampiric Draining        Necr           14%        2d7       14%         3
 Spider Form              Tmut/Pois      9%         N/A       22%         3
 Portal Projectile        Hex/Tloc       8%         N/A       36%         3
 Tukima's Dance           Hex            4%         N/A       36%         3
 Animate Dead             Necr           14%        N/A       41%         4
 Ice Form                 Ice/Tmut       9%         N/A       58%         4
 Blade Hands              Tmut           7%         N/A       77%         5


Dungeon Overview and Level Annotations

Branches:
Dungeon (4/15)
 Temple: D:4-7

Altars:
Kikubaaqudgha

Shops:
D:2 (


Innate Abilities, Weirdness & Mutations

You have temporarily grown beastly horns and talons.


Message History

The scorpion stings you.
You hit the scorpion but do no damage.
You headbutt the scorpion, but do no damage.
The scorpion is heavily wounded.
You feel sick. The scorpion stings you.
You hit the scorpion but do no damage.
You claw the scorpion, but do no damage.
Your headbutt misses the scorpion.
The scorpion is heavily wounded.
You feel sick. The scorpion closely misses you.
You are too injured to fight recklessly!
Casting: Beastly Appendage (safe; 4% risk of failure)
Confirm with . or Enter, or press ? or * to list all spells.
Aiming: Necrotise (safe; 4% risk of failure)
Press: ? - help, Shift-Dir - straight line, f/p - scorpion
Aim: a scorpion (heavily wounded, chance to affect: 71%)
The scorpion writhes in agony.
You feel sick. The scorpion closely misses you. The scorpion stings you.
Casting: Necrotise (safe; 4% risk of failure)
Confirm with . or Enter, or press ? or * to list all spells.
Aiming: Necrotise (safe; 4% risk of failure)
Press: ? - help, Shift-Dir - straight line, f/p - scorpion
Aim: a scorpion (heavily wounded, chance to affect: 71%)
The scorpion struggles to resist.
You feel sick. The scorpion barely misses you.
You feel a sense of dread.
u - a +2 vampiric dagger (weapon)
You feel sick.
You hit the scorpion.
You feel better.
Your kick misses the scorpion.
The scorpion is heavily wounded.
You feel sick.
You are no longer poisoned.
The scorpion stings you.
* * * LOW HITPOINT WARNING * * *
You barely miss the scorpion. Your kick misses the scorpion.
The scorpion is heavily wounded.
Your transformation is almost over.
The scorpion stings you.
You die...
Kikubaaqudgha rasps: "You have failed me!
Welcome... death!"

#......########.
#......+........
#......#........
#......#........
#......#........
######+##......#.####.##
............####.####)##
............#....#....#.
......s@....#....'....#.
............#....#....+.
............'....#....##
............#....#....##
#......######....#.[..#.
#......#.........#....#.
#......#...########...#.
#......#...##....##...#.
#....#...... ##


You could see a scorpion.

Vanquished Creatures
  6 adders
  2 ufetubi (D:4)
  3 orcs
  5 endoplasms
  A giant cockroach (D:4)
  5 goblins
  4 hobgoblins
  3 jackals (D:3)
  4 kobolds
  2 quokkas
  3 ball pythons
  4 bats
  3 frilled lizards
  3 rats
48 creatures vanquished.

Notes
Turn   | Place    | Note
-------+----------+-------------------------------------------
     0 | D:1      | gelatine the Deep Elf Transmuter began the quest for the
                  | Orb.
     0 | D:1      | Reached XP level 1. HP: 11/11 MP: 6/6
   799 | D:2      | Reached XP level 2. HP: 10/16 MP: 6/8
   946 | D:2      | Learned a level 2 spell: Wereblood
  1115 | D:2      | Found a faded altar of an unknown god.
  1120 | D:2      | Prayed at the altar of an unknown god.
  1120 | D:2      | Became a worshipper of Kikubaaqudgha
  1120 | D:2      | Reached * piety under Kikubaaqudgha
  1120 | D:2      | Received a gift from Kikubaaqudgha
  1132 | D:2      | Reached XP level 3. HP: 17/20 MP: 7/9
  1134 | D:2      | Learned a level 1 spell: Necrotise
  1446 | D:2      | Found Zulloz's Antique Weapon Shop.
  1777 | D:2      | Reached skill level 1 in Necromancy
  2575 | D:3      | Reached ** piety under Kikubaaqudgha
  2576 | D:3      | Reached skill level 1 in Evocations
  2576 | D:3      | Reached XP level 4. HP: 22/24 MP: 5/11
  3243 | D:4      | Reached skill level 4 in Spellcasting
  3299 | D:4      | Noticed a scorpion
  3317 | D:4      | Slain by a scorpion

Illustrated notes

Levels and vault maps discovered:
D:1:      tarquinn_simple_flora_water_a, layout_loops_ring,
          minmay_misc_feat_pillars, glass_columns_a, serial_bayou_pond_c
D:2:      layout_loops_cross, serial_shops, shop_fountains,
          hellmonk_ecumenical_altar_heavens_door
D:3:      layout_basic
D:4:      layout_gridville, serial_shops, shop, uniq_sigmund

Skill      XL: |  1  2  3  4 |
---------------+-------------+-----
Unarmed Combat | 3 |  3.0
Necromancy     | 1 2 |  2.5
Evocations     | 1 |  1.3
Spellcasting   | 4 |  4.0
Fighting       | |  0.9
Short Blades   | |  0.4
Dodging        | |  2.6
Stealth        | |  0.6
Conjurations   | |  0.4
Transmutations | |  2.5

Action                   |  1- 3 |  4- 6 || total
-------------------------+-------+-------++-------
Melee: Dagger            |    41 |     2 ||    43
       Unarmed           |     8 |       ||     8
       Headbutt          |     3 |     4 ||     7
       Kick              |     5 |     5 ||    10
       Staff             |     3 |    17 ||    20
 Cast: Beastly Appendage |     9 |     5 ||    14
       Necrotise         |    42 |    30 ||    72
Armor: Robe              |    12 |     8 ||    20
Dodge: Dodged            |    47 |    21 ||    68
